 Dungeon Crawl Stone Soup version 0.31-a0-177-g4aa6249778 (webtiles) character file.

Game seed: 4703221121105975024

1085 qw the Skirmisher (level 8, -9/67 (74) HPs)
             Began as a Naga Hunter on June 18, 2023.
             Was an Initiate of Okawaru.
             Mangled by an orc warrior
             ... wielding a +0 flail
              (14 damage)
             ... on level 5 of the Dungeon.
             The game lasted 00:01:48 (3722 turns).

qw the Skirmisher (Naga Hunter)                     Turns: 3722, Time: 00:01:48

HP:   -9/67 (74)    AC:  5    Str: 11    XL:     8   Next: 30%
MP:   8/8           EV: 10    Int: 11    God:    Okawaru [......]
Gold: 65            SH:  0    Dex: 16    Spells: 7/7 levels left

rFire   . . .        Y - +0 shortbow
rCold   + . .        (shield currently unavailable)
rNeg    . . .        l - +2 robe {rC+}
rPois   +            (no helmet)
rElec   .            (no cloak)
rCorr   .            (no gloves)
SInv    +            (no barding)
Will    +....        i - amulet of regeneration
Stlth   ++           (no ring)
HPRegen 1.11/turn    (no ring)
MPRegen 0.11/turn

%: no passive effects
@: about to teleport, short of breath, drained, very slow
A: AC +2, large, see invisible, deformed body, poison resistance, slowness 2,
spit poison 1, naga tail 1, weak 1
a: Spit Poison, Renounce Religion


You were on level 5 of the Dungeon.
You worshipped Okawaru.
Okawaru was noncommittal.
You visited 1 branch of the dungeon, and saw 5 of its levels.

You collected 149 gold pieces.
You spent 84 gold pieces at shops.


Innate Abilities, Weirdness & Mutations

Your serpentine skin is tough. (AC +2)
You have supernaturally acute eyesight. (SInv)
Armour fits poorly on your strangely shaped body.
Your system is resistant to poisons. (rPois)
You cover ground very slowly.
You can spit poison.
You have a snake-like lower body.
You are weak. (Str -2)


   Skills:
 - Level 5.0 Fighting
 + Level 8.3 Ranged Weapons
 - Level 2.0 Dodging
 - Level 1.5 Stealth


You had 7 spell levels left.
You didn't know any spells.
Your spell library was empty.

Inventory:

Hand Weapons
 Y - a +0 shortbow (weapon)
Armour
 j - the +1 robe of the Lime {rElec rPois Str+2}
   (You found it on level 4 of the Dungeon)

   Str:       It affects your strength (+2).
   rElec:     It insulates you from electricity.
   rPois:     It protects you from poison.
 l - a +2 robe of cold resistance (worn)
 m - a +0 helmet
Jewellery
 i - an amulet of regeneration (around neck)
Wands
 b - a wand of digging (8)
Scrolls
 c - a scroll of vulnerability {unknown}
 e - a scroll of enchant armour
 f - 2 scrolls of teleportation
 k - 2 scrolls of identify
Potions
 a - a potion of mutation
 d - 3 potions of curing
 g - a potion of heal wounds {unknown}
 h - a potion of might

Dungeon Overview and Level Annotations

Branches:
Dungeon (5/15)
 Temple: D:4-7

Altars:
Dithmenos
Fedhas
Okawaru
Qazlal
Ru
Vehumet
Wu Jian
Zin

Shops:
D:1 [   D:2 !   D:4 [

Annotations:
D:3 3 runed translucent doors, qw's ghost, amateur NaHu


Message History

The arrow hits the orc warrior but does no damage.
The orc warrior is moderately wounded.
The orc priest completely misses you.
The orc wizard hits you but does no damage.
You feel drained.
The orc warrior hits you with a +0 flail!
You shoot an arrow. The arrow hits the orc warrior!
The orc warrior is heavily wounded.
The orc priest hits you with a +0 hand axe.
The orc priest hits you but does no damage.
The orc wizard closely misses you.
The orc warrior hits you with a +0 flail.
You shoot an arrow. The arrow hits the orc warrior.
The orc warrior is severely wounded.
You have got your breath back.
The orc priest hits you with a +0 hand axe.
The orc priest barely misses you.
The orc wizard hits you but does no damage.
You feel drained.
The orc warrior hits you but does no damage.
3721 ||| INVOKING Spit Poison.
Aiming: Spit Poison (1% risk of failure)
Press: ? - help, Shift-Dir - straight line, f/p - orc warrior The splash of poison hits the orc warrior but does no damage.
The orc warrior is severely wounded.
The orc priest hits you with a +0 hand axe.
The orc priest mumbles some strange prayers to Beogh against you.
Beogh smites you! The orc wizard closely misses you.
The orc warrior closely misses you.
3722 ||| READING 3 scrolls of teleportation.
As you read the scroll of teleportation, it crumbles to dust.
You feel strangely unstable.
The orc priest calls down the wrath of Beogh upon you.
Beogh smites you!
The orc priest calls upon Beogh to heal the orc warrior.
The orc warrior is healed somewhat.
The orc wizard hits you with a +2 dagger of draining.
You feel drained.
The orc warrior hits you with a +0 flail!
You die...

....##.......####... o.
....##.......#..... #.#
....##.......#....#[.. .
....##.......##......#..
###.##.......##..#.#...#
#..'>..[...+#......_..
####.......##..#.#...#
#.......##loo...#.
#######.##o@o#....
#........# #
######....... #......
######


You could see an orc warrior, an iguana, 2 orc priests and an orc wizard.

Vanquished Creatures
  Edmund (D:4)
  A water moccasin (D:4)
  A sky beast (D:5)
  An ogre (D:3)
  Blork the orc (D:4)
  2 hounds
  A jelly (D:5)
  An orc priest (D:4)
  3 iguanas
  4 orc wizards
  Ijyb (D:3)
  A sleepcap (D:5)
  7 gnolls
  11 adders
  A worm (D:3)
  5 dart slugs
  15 orcs
  6 endoplasms
  9 goblins
  7 hobgoblins
  4 jackals
  7 kobolds
  5 quokkas
  3 ball pythons
  4 bats
  A frilled lizard (D:2)
  7 rats
110 creatures vanquished.

Notes
Turn   | Place    | Note
-------+----------+-------------------------------------------
     0 | D:1      | qw the Naga Hunter began the quest for the Orb.
     0 | D:1      | Reached XP level 1. HP: 19/19 MP: 1/1
     0 | D:1      | 0 ||| qw: Version: 0.3-a-5-g6f28e65
     0 | D:1      | 0 ||| qw: Game counter: 644
     0 | D:1      | 0 ||| qw: Always use a shield: true
     0 | D:1      | 0 ||| qw: God list: Okawaru
     0 | D:1      | 0 ||| qw: Allow faded altars: false
     0 | D:1      | 0 ||| qw: Do Orc after D:15 true
     0 | D:1      | 0 ||| qw: Do second Lair branch before Depths: true
     0 | D:1      | 0 ||| qw: Lair rune preference: random
     0 | D:1      | 0 ||| qw: Plans: Normal
     0 | D:1      | 0 ||| PLANNING D:1-11
    22 | D:1      | Found Pabau's Armour Boutique.
    30 | D:1      | 30 ||| INVOKING Spit Poison.
    33 | D:1      | 33 ||| SHOPLISTING +0 pair of gloves (58 gold, have 0).
    41 | D:1      | Reached skill level 4 in Ranged Weapons
    41 | D:1      | Reached XP level 2. HP: 26/26 MP: 2/2
    67 | D:1      | 67 ||| INVOKING Spit Poison.
    82 | D:1      | 82 ||| INVOKING Spit Poison.
    91 | D:1      | 91 ||| INVOKING Spit Poison.
   110 | D:1      | 110 ||| INVOKING Spit Poison.
   134 | D:1      | 134 ||| INVOKING Spit Poison.
   142 | D:1      | 142 ||| INVOKING Spit Poison.
   156 | D:1      | 156 ||| INVOKING Spit Poison.
   159 | D:1      | Reached XP level 3. HP: 32/32 MP: 3/3
   171 | D:1      | 171 ||| INVOKING Spit Poison.
   179 | D:1      | 179 ||| INVOKING Spit Poison.
   224 | D:1      | 224 ||| INVOKING Spit Poison.
   368 | D:1      | 368 ||| UPGRADING to amulet of regeneration.
   373 | D:1      | 373 ||| READING scroll labelled KONORUEXZUA.
   374 | D:1      | 374 ||| READING scroll labelled FEUBBY SUPNE.
   475 | D:1      | 475 ||| READING 2 scrolls labelled WIMACO JIETH.
   478 | D:1      | 478 ||| READING scroll labelled UPTERA ACUMP.
   479 | D:1      | 479 ||| DRINKING 2 white potions.
   480 | D:1      | 480 ||| DROPPING scroll of butterflies.
   481 | D:1      | 481 ||| DROPPING potion of brilliance.
   492 | D:2      | 492 ||| INVOKING Spit Poison.
   556 | D:2      | 556 ||| INVOKING Spit Poison.
   692 | D:2      | 692 ||| INVOKING Spit Poison.
   693 | D:2      | Reached skill level 5 in Ranged Weapons
   693 | D:2      | Reached XP level 4. HP: 39/39 MP: 4/4
   698 | D:2      | 698 ||| INVOKING Spit Poison.
   703 | D:2      | 703 ||| INVOKING Spit Poison.
   706 | D:2      | 706 ||| INVOKING Spit Poison.
   822 | D:2      | 822 ||| INVOKING Spit Poison.
   902 | D:2      | 902 ||| INVOKING Spit Poison.
   921 | D:2      | 921 ||| INVOKING Spit Poison.
   936 | D:2      | 936 ||| INVOKING Spit Poison.
   955 | D:2      | 955 ||| INVOKING Spit Poison.
   958 | D:2      | 958 ||| INVOKING Spit Poison.
   980 | D:2      | 980 ||| INVOKING Spit Poison.
   983 | D:2      | 983 ||| INVOKING Spit Poison.
   984 | D:2      | 984 ||| INVOKING Spit Poison.
   985 | D:2      | Reached skill level 3 in Fighting
  1030 | D:2      | 1030 ||| INVOKING Spit Poison.
  1039 | D:2      | Found Hitwonib's Distillery.
  1046 | D:2      | 1046 ||| BUYING potion of curing (42 gold).
  1046 | D:2      | Bought a potion of curing for 42 gold pieces
  1046 | D:2      | 1046 ||| BUYING potion of curing (42 gold).
  1046 | D:2      | Bought a potion of curing for 42 gold pieces
  1178 | D:2      | 1178 ||| INVOKING Spit Poison.
  1182 | D:2      | 1182 ||| INVOKING Spit Poison.
  1183 | D:2      | 1183 ||| INVOKING Spit Poison.
  1185 | D:2      | Reached XP level 5. HP: 40/49 MP: 5/5
  1611 | D:3      | 1611 ||| INVOKING Spit Poison.
  1659 | D:3      | Found a runed translucent gate.
  1708 | D:3      | Found a shadowy altar of Dithmenos.
  1823 | D:3      | 1823 ||| INVOKING Spit Poison.
  1921 | D:3      | Found a glowing silver altar of Zin.
  1923 | D:3      | 1923 ||| INVOKING Spit Poison.
  1950 | D:3      | 1950 ||| INVOKING Spit Poison.
  2038 | D:3      | 2038 ||| INVOKING Spit Poison.
  2041 | D:3      | 2041 ||| INVOKING Spit Poison.
  2134 | D:3      | Found a runed translucent gate.
  2134 | D:3      | Found a runed translucent gate.
  2135 | D:3      | Noticed qw's ghost (amateur NaHu)
  2231 | D:3      | Noticed Ijyb
  2232 | D:3      | 2232 ||| INVOKING Spit Poison.
  2239 | D:3      | 2239 ||| INVOKING Spit Poison.
  2245 | D:3      | 2245 ||| INVOKING Spit Poison.
  2248 | D:3      | 2248 ||| INVOKING Spit Poison.
  2249 | D:3      | Killed Ijyb
  2360 | D:3      | 2360 ||| READING scroll labelled UNTUSCH NOPICS.
  2361 | D:3      | 2361 ||| DRINKING 2 black potions.
  2361 | D:3      | Gained mutation: You are weak. (Str -2) [potion of
                  | mutation]
  2373 | D:4      | Noticed an ogre
  2374 | D:4      | 2374 ||| INVOKING Spit Poison.
  2378 | D:4      | 2378 ||| STAIRDANCE
  2380 | D:3      | 2380 ||| INVOKING Spit Poison.
  2386 | D:3      | Killed an ogre
  2387 | D:3      | Reached skill level 6 in Ranged Weapons
  2387 | D:3      | Reached XP level 6. HP: 47/56 MP: 6/6
  2412 | D:4      | 2412 ||| INVOKING Spit Poison.
  2420 | D:4      | 2420 ||| INVOKING Spit Poison.
  2431 | D:4      | 2431 ||| INVOKING Spit Poison.
  2438 | D:4      | 2438 ||| INVOKING Spit Poison.
  2445 | D:4      | 2445 ||| INVOKING Spit Poison.
  2451 | D:4      | 2451 ||| INVOKING Spit Poison.
  2456 | D:4      | 2456 ||| INVOKING Spit Poison.
  2517 | D:4      | Identified the +3 short sword "Ycvuiwun" {pain, rElec rN+}
  2520 | D:4      | 2520 ||| INVOKING Spit Poison.
  2526 | D:4      | 2526 ||| INVOKING Spit Poison.
  2530 | D:4      | 2530 ||| INVOKING Spit Poison.
  2535 | D:4      | 2535 ||| INVOKING Spit Poison.
  2538 | D:4      | 2538 ||| INVOKING Spit Poison.
  2555 | D:4      | 2555 ||| INVOKING Spit Poison.
  2559 | D:4      | 2559 ||| INVOKING Spit Poison.
  2566 | D:4      | 2566 ||| INVOKING Spit Poison.
  2569 | D:4      | 2569 ||| INVOKING Spit Poison.
  2590 | D:4      | 2590 ||| INVOKING Spit Poison.
  2632 | D:4      | Noticed Edmund
  2635 | D:4      | 2635 ||| INVOKING Spit Poison.
  2641 | D:4      | 2641 ||| INVOKING Spit Poison.
  2646 | D:4      | Killed Edmund
  2647 | D:4      | Reached XP level 7. HP: 38/64 MP: 7/7
  2647 | D:4      | 2647 ||| INVOKING Spit Poison.
  2662 | D:4      | 2662 ||| INVOKING Spit Poison.
  2668 | D:4      | 2668 ||| INVOKING Spit Poison.
  2675 | D:4      | Found a blossoming altar of Fedhas.
  2686 | D:4      | 2686 ||| INVOKING Spit Poison.
  2694 | D:4      | 2694 ||| INVOKING Spit Poison.
  2695 | D:4      | Reached skill level 7 in Ranged Weapons
  2700 | D:4      | 2700 ||| INVOKING Spit Poison.
  2709 | D:4      | 2709 ||| INVOKING Spit Poison.
  2716 | D:4      | 2716 ||| INVOKING Spit Poison.
  2719 | D:4      | 2719 ||| INVOKING Spit Poison.
  2794 | D:4      | Found an iron altar of Okawaru.
  2795 | D:4      | 2795 ||| PLANNING OKAWARU WORSHIP
  2795 | D:4      | 2795 ||| READING scroll labelled WEYH EMAACI.
  2796 | D:4      | 2796 ||| DRINKING 2 silvery potions.
  2801 | D:4      | Became a worshipper of Warmaster Okawaru
  2802 | D:4      | 2802 ||| PLANNING D:1-11
  2804 | D:4      | Found an ornate altar of the Wu Jian Council.
  2835 | D:4      | Identified the +1 robe of the Lime {rElec rPois Str+2}
  2920 | D:4      | Found a sacrificial altar of Ru.
  2953 | D:4      | Noticed Blork the orc
  2954 | D:4      | 2954 ||| INVOKING Spit Poison.
  2957 | D:4      | 2957 ||| INVOKING Spit Poison.
  2961 | D:4      | 2961 ||| INVOKING Spit Poison.
  2961 | D:4      | Killed Blork the orc
  2981 | D:4      | 2981 ||| INVOKING Spit Poison.
  2982 | D:4      | 2982 ||| Stepping ~*~*~tactically~*~*~ (outnumbered).
  2985 | D:4      | 2985 ||| Stepping ~*~*~tactically~*~*~ (outnumbered).
  2987 | D:4      | 2987 ||| INVOKING Spit Poison.
  2990 | D:4      | 2990 ||| Stepping ~*~*~tactically~*~*~ (outnumbered).
  2992 | D:4      | 2992 ||| INVOKING Spit Poison.
  2997 | D:4      | 2997 ||| INVOKING Spit Poison.
  3002 | D:4      | 3002 ||| INVOKING Spit Poison.
  3016 | D:4      | Found Idink's Antique Armour Emporium.
  3020 | D:4      | 3020 ||| SHOPLISTING cloak (103 gold, have 39).
  3124 | D:4      | 3124 ||| UPGRADING to +1 robe of the Lime {rElec rPois
                  | Str+2}.
  3134 | D:4      | 3134 ||| DROPPING +0 leather armour.
  3135 | D:4      | 3135 ||| UPGRADING to +2 robe of cold resistance.
  3145 | D:4      | 3145 ||| READING 2 scrolls labelled ADEIMULOUSM.
  3176 | D:5      | Entered Level 5 of the Dungeon
  3182 | D:5      | 3182 ||| STAIRDANCE
  3203 | D:5      | 3203 ||| INVOKING Spit Poison.
  3206 | D:5      | 3206 ||| INVOKING Spit Poison.
  3211 | D:5      | 3211 ||| INVOKING Spit Poison.
  3216 | D:5      | 3216 ||| INVOKING Spit Poison.
  3224 | D:5      | 3224 ||| INVOKING Spit Poison.
  3228 | D:5      | 3228 ||| INVOKING Spit Poison.
  3232 | D:5      | Reached skill level 8 in Ranged Weapons
  3232 | D:5      | Reached XP level 8. HP: 63/72 MP: 8/8
  3250 | D:5      | 3250 ||| INVOKING Spit Poison.
  3254 | D:5      | 3254 ||| INVOKING Spit Poison.
  3257 | D:5      | 3257 ||| INVOKING Spit Poison.
  3264 | D:5      | 3264 ||| INVOKING Spit Poison.
  3267 | D:5      | 3267 ||| INVOKING Spit Poison.
  3319 | D:5      | Found a stormy altar of Qazlal.
  3356 | D:5      | 3356 ||| INVOKING Spit Poison.
  3381 | D:5      | 3381 ||| INVOKING Spit Poison.
  3387 | D:5      | 3387 ||| INVOKING Spit Poison.
  3392 | D:5      | 3392 ||| INVOKING Spit Poison.
  3518 | D:5      | 3518 ||| INVOKING Spit Poison.
  3521 | D:5      | 3521 ||| INVOKING Spit Poison.
  3696 | D:5      | Found a radiant altar of Vehumet.
  3699 | D:5      | 3699 ||| INVOKING Spit Poison.
  3707 | D:5      | 3707 ||| INVOKING Spit Poison.
  3709 | D:5      | 3709 ||| Stepping ~*~*~tactically~*~*~ (outnumbered).
  3710 | D:5      | 3710 ||| Stepping ~*~*~tactically~*~*~ (outnumbered).
  3713 | D:5      | 3713 ||| INVOKING Spit Poison.
  3721 | D:5      | 3721 ||| INVOKING Spit Poison.
  3721 | D:5      | HP: 16/69 [orc priest/divine providence (11)]
  3722 | D:5      | 3722 ||| READING 3 scrolls of teleportation.
  3722 | D:5      | HP: 6/69 [orc wizard/+2 dagger of draining (2)]
  3722 | D:5      | Mangled by an orc warrior

Levels and vault maps discovered:
D:1:      minmay_arrival_checkered_box, layout_rooms, serial_shops,
          nicolae_square_shop
D:2:      minmay_chambers_of_twos, layout_loops_corners,
          serial_co_window_serial, co_window_corner_a,
          co_window_of_opportunity_a, co_window_paths_a,
          co_window_of_opportunity_a, co_window_paths_a,
          co_window_unsneaky_path_e, co_window_2corner, co_window_broadway_a,
          glass_columns_a, glass_columns_a, glass_columns_a, glass_columns_c,
          serial_shops, shop
D:3:      layout_basic, lemuel_doored_altar, nicolae_dithmenos_shadow_blocks,
          ebering_ghost_rock_garden, uniq_ijyb
D:4:      layout_cave_pools, minitemple, general_overflow_altar, serial_shops,
          nicolae_shop_pleasant_corner_grove, grunt_ministairs_9, st_stairs_12,
          eino_small_chamber_without_monster, minmay_ruined_shrine, uniq_edmund,
          uniq_blork_the_orc
D:5:      layout_basic, nicolae_vehumet_radiance,
          nicolae_qazlal_beasts_of_the_sky

Skill      XL: |  1  2  3  4  5  6  7  8 |
---------------+-------------------------+-----
Ranged Weapons | 4 5 6 8 |  8.3
Fighting       | 3 4 5 |  5.0
Dodging        | 2 |  2.0
Stealth        | |  1.5

Action                     |  1- 3 |  4- 6 |  7- 9 || total
---------------------------+-------+-------+-------++-------
   Fire: Shortbow          |    34 |   140 |   128 ||   302
Ability: Spit Poison       |    14 |    45 |    38 ||    97
    Use: Scroll            |     4 |     1 |     3 ||     8
         Potion            |     1 |     1 |     1 ||     3
 Armour: Leather armour    |     1 |    10 |     9 ||    20
         Robe              |       |       |    12 ||    12
  Dodge: Dodged            |       |    43 |    40 ||    83

Table legend:
 A = Non-vault XP
 B = Vault XP
 C = Vault XP percentage of total XP
 D = Non-vault monster count
 E = Vault monster count
 F = Vault count percentage of total count
                 A         B        C        D         E       F
            +---------+---------+-------+---------+---------+-------
      Total |     909 |     642 |  41.4 |      90 |      20 |  18.2
            +---------+---------+-------+---------+---------+-------
        D:1 |      44 |       0 |   0.0 |      21 |       0 |   0.0
        D:2 |      98 |      23 |  19.0 |      14 |       8 |  36.4
        D:3 |      39 |     155 |  79.9 |      13 |       3 |  18.8
        D:4 |     453 |     337 |  42.7 |      28 |       8 |  22.2
        D:5 |     275 |     127 |  31.6 |      14 |       1 |   6.7
            +---------+---------+-------+---------+---------+-------
